 Dungeon Crawl Stone Soup version 0.28.0-53-g5a82cb258f (webtiles) character file.

Game seed: 5384716760503213536

63 DocClef the Skirmisher (level 3, -5/33 HPs)
             Began as a Draconian Fighter on June 15, 2022.
             Slain by a gnoll
             ... wielding a +0 halberd
              (11 damage)
             ... on level 3 of the Dungeon.
             The game lasted 00:01:34 (1996 turns).

DocClef the Skirmisher (Draconian Fighter)          Turns: 1996, Time: 00:01:35

Health: -5/33      AC:  5    Str: 20    XL:     3   Next: 87%
Magic:  3/3        EV: 12    Int:  8    God:
Gold:   145        SH:  4    Dex: 10    Spells: 2/2 levels left

rFire   . . .      SeeInvis .   e - +1 dagger (venom)
rCold   . . .      Faith    .   b - +0 buckler
rNeg    . . .      Spirit   .   (armour unavailable)
rPois   .          Reflect  .   (helmet restricted)
rElec   .          Harm     .   (no cloak)
rCorr   .          Rampage  .   (no gloves)
Will    .....                   (no boots)
Stlth   +.........              (no amulet)
HPRegen 0.11/turn               (no ring)
MPRegen 0.08/turn               (no ring)

@: no status effects
A: AC +5, unfitting armour, cold-blooded
a: no special abilities


You were on level 3 of the Dungeon.
You visited 1 branch of the dungeon, and saw 3 of its levels.

You collected 145 gold pieces.

Inventory:

Hand Weapons
 a - a +0 rapier
 e - a +1 dagger of venom (weapon)
Armour
 b - a +0 buckler (worn)
Potions
 c - a potion of might
 d - 3 potions of cancellation {unknown}
 f - a potion of flight {unknown}


   Skills:
 + Level 4.1 Fighting
 - Level 2.5 Short Blades
 + Level 3.3 Dodging
 + Level 0.9 Stealth
 - Level 3.0 Shields


You had 2 spell levels left.
You didn't know any spells.
Your spell library was empty.

Dungeon Overview and Level Annotations

Branches:
Dungeon (3/15)

Altars:
Ashenzari

Shops:
D:2 [


Innate Abilities, Weirdness & Mutations

Your plain brown scales are hard. (AC +5)
You cannot fit into any form of body armour.
You are cold-blooded and may be slowed by cold attacks.


Message History

You hit the ball python.
The ball python is poisoned.
The ball python is moderately wounded.
The ball python barely misses you. x2
You hit the ball python.
The ball python looks as sick as possible!
The ball python is severely wounded.
The ball python barely misses you. x2
You hit the ball python.
You kill the ball python!
Found 15 bolts.
A gnoll comes into view. It is wielding a +0 spear.
The gnoll shouts!
You hear a shout!
A gnoll is nearby!
A gnoll is nearby!
A gnoll is nearby!
A gnoll is nearby!
A gnoll comes into view. It is wielding a +0 whip.
The gnoll shouts!
You hear a shout!
A gnoll comes into view. It is wielding a +0 halberd.
A gnoll comes into view. It is wielding a +0 whip.
The gnoll closely misses you.
You hit the gnoll.
The gnoll is poisoned.
The gnoll is lightly wounded.
The gnoll barely misses you.
You hit the gnoll but do no damage.
The gnoll looks as sick as possible!
You tail-slap the gnoll.
The gnoll is moderately wounded.
The gnoll throws a throwing net.
The throwing net hits you.
You become entangled in the net!
You struggle against the net.
The gnoll hits you with a +0 spear. The gnoll hits you with a +0 whip.
The gnoll hits you from afar with a +0 halberd!
You struggle against the net.
The gnoll barely misses you. The gnoll hits you with a +0 whip.
* * * LOW HITPOINT WARNING * * *
The gnoll hits you but does no damage.
You rip the net and break free!
The gnoll barely misses you. The gnoll hits you but does no damage.
The gnoll hits you from afar with a +0 halberd!
You die...

#### .....###.....# ....
............# .... ...
............ .... ....
........... ....
#..(.##...#...... ....
..........g....... ....
.#.........ggg..... #...
.............@(.###.. .. #...
...#................. #.##.##
.#...........#.#.#...#####....##
.#.......>.....#...............#
#.#.##.........###....###.......#
....##.#........................#
....##.#.....#..................#
....##.......#.............>.....
.....#....####......#.....#......


You could see 4 gnolls.

Vanquished Creatures
  An adder (D:3)
  A dart slug (D:2)
  5 orcs (D:3)
  6 ball pythons
  2 endoplasms
  7 goblins
  5 hobgoblins
  2 jackals (D:1)
  2 quokkas
  5 bats
  A frilled lizard (D:3)
  A kobold (D:1)
  3 rats (D:2)
  A spectral hobgoblin (D:2)
42 creatures vanquished.

Notes
Turn   | Place    | Note
-------+----------+-------------------------------------------
     0 | D:1      | DocClef the Draconian Fighter began the quest for the Orb.
     0 | D:1      | Reached XP level 1. HP: 19/19 MP: 1/1
   134 | D:1      | Reached XP level 2. HP: 25/26 MP: 2/2
   769 | D:2      | Found a broken altar of Ashenzari.
   984 | D:2      | Reached XP level 3. HP: 30/33 MP: 3/3
  1054 | D:2      | Found a faded altar of an unknown god.
  1185 | D:2      | Found Jiom's Armour Emporium.
  1651 | D:3      | Reached skill level 4 in Fighting
  1996 | D:3      | Slain by a gnoll

Illustrated notes

Levels and vault maps discovered:
D:1:      ncdulo_smallfort, layout_rooms, st_stairs_9
D:2:      layout_basic, basic_altar, dreamdust_ecumenical_altar_drowned_temple,
          serial_shops, shop, hangedman_decor_riveting
D:3:      layout_basic, mainiacjoe_overflow_two_lobes, minmay_misc_feat_columns

Skill      XL: |  1  2  3 |
---------------+----------+-----
Dodging        | 3 |  3.3
Fighting       | 4 |  4.1
Short Blades   | |  2.5
Stealth        | |  0.9
Shields        | |  3.0

Action                   || total
-------------------------++-------
Melee: Rapier            ||    78
       Tailslap          ||     8
       Dagger            ||    56
Armor: Skin              ||    33
Dodge: Dodged            ||    91
Block: Buckler           ||    36
